 Dungeon Crawl Stone Soup version 0.24-a0-507-g3e8b242632 (webtiles) character file.

Game seed: 10907691774396643591

123071 1994 the Warrior (level 16, 11/108 HPs)
             Began as a Gargoyle Earth Elementalist on July 17, 2019.
             Was a High Priest of Vehumet.
             Quit the game on level 3 of the Lair of Beasts on July 19, 2019.
             The game lasted 02:38:10 (31446 turns).

1994 the Warrior (Gargoyle Earth Elementalist)     Turns: 31446, Time: 02:38:11

Health: 11/108     AC: 27    Str: 13    XL:     16   Next: 89%
Magic:  17/39      EV: 13    Int: 19    God:    Vehumet [*****.]
Gold:   1786       SH: 13    Dex: 13    Spells: 7/35 levels left

rFire    + + .     SeeInvis .   a - +2 morningstar (protect)
rCold    + . .     Gourm    .   n - +0 shield {rF+}
rNeg     + + +     Faith    .   P - +0 troll leather armour
rPois    ∞         Spirit   .   U - +2 hat
rElec    +         Reflect  .   Z - +1 cloak {rPois}
rCorr    .         Harm     .   D - +2 pair of gloves {Dex+3}
MR       +....                  w - +1 pair of boots
Stlth    ++........             o - amulet of magic regeneration
HPRegen  0.68/turn              x - ring of protection from cold
MPRegen  0.51/turn              Q - ring of Impatience {+Fly rF+ rN+++ MP+9 Int-3}

@: flying, starving
A: big wings, negative energy resistance 1, electricity resistance, unbreathing,
petrification resistance, rot immunity, AC +12
a: Stop Flying, Renounce Religion


You were on level 3 of the Lair of Beasts.
You worshipped Vehumet.
Vehumet was extremely pleased with you.
You were starving.

You visited 5 branches of the dungeon, and saw 25 of its levels.

You collected 2885 gold pieces.
You spent 1099 gold pieces at shops.

Inventory:

Hand Weapons
 a - a +2 morningstar of protection (weapon)
Missiles
 f - 5 throwing nets (quivered)
 F - 497 stones
Armour
 i - the +5 ring mail of the Constellations {rN+ rCorr Int+4 SInv}
   (You bought it in a shop on level 2 of the Orcish Mines)

   It affects your intelligence (+4).
   It protects you from negative energy.
   It lets you see invisible.
   It provides partial protection from all sources of acid and corrosion.
 n - a +0 shield of fire resistance (worn)
 w - a +1 pair of boots (worn)
 D - a +2 pair of gloves of dexterity (worn)
 N - the +1 leather armour of the Engineer {+Fly rF+}
   (You found it on level 10 of the Dungeon)

   It protects you from fire.
   It lets you fly.
 P - a +0 troll leather armour (worn)
 U - a +2 hat (worn)
 Z - a +1 cloak of poison resistance (worn)
Magical Staves
 b - an uncursed staff of energy
Jewellery
 o - an amulet of magic regeneration (around neck)
 q - an uncursed ring of resist corrosion
 v - the ring "Ossezxya" {Fire rPois Dex+7}
   (You found it on level 4 of the Dungeon)

   [ring of fire]

   It enhances your fire magic.
   It affects your dexterity (+7).
   It protects you from fire.
   It makes you vulnerable to cold.
   It protects you from poison.
 x - a ring of protection from cold (left hand)
 Q - the ring of Impatience (right hand) {+Fly rF+ rN+++ MP+9 Int-3}
   (You found it on level 10 of the Dungeon)

   [ring of protection from fire]

   It affects your intelligence (-3).
   It protects you from fire.
   It renders you almost immune to negative energy.
   It affects your magic capacity (+9).
   It lets you fly.
Wands
 e - a wand of polymorph (9)
 E - a wand of paralysis (6)
 G - a wand of acid (6)
 H - a wand of disintegration (26)
 I - a wand of flame (63)
 T - a wand of iceblast (12)
 X - a wand of enslavement (24)
Scrolls
 c - 2 scrolls of identify
 h - 3 scrolls of magic mapping
 j - 10 scrolls of remove curse
 m - 5 scrolls of enchant weapon
 p - 3 scrolls of fear
 r - 2 scrolls of enchant armour
 t - 2 scrolls of amnesia
 y - a scroll of immolation
 A - 4 scrolls of fog
 C - 8 scrolls of teleportation
 J - a scroll of vulnerability
Potions
 g - 3 potions of might
 s - 3 potions of ambrosia
 u - 3 potions of agility
 z - 6 potions of curing
 B - 4 potions of cancellation
 K - a potion of lignification
 L - 3 potions of brilliance
 M - a potion of invisibility
 O - a potion of mutation
 V - 2 potions of resistance
 Y - 5 potions of heal wounds
Miscellaneous
 R - a phantom mirror
 S - a phial of floods
 W - a lamp of fire
Comestibles
 d - 31 rations


   Skills:
 + Level 15.4 Fighting
 - Level 7.7 Maces & Flails
 - Level 7.5 Armour
 - Level 3.1 Dodging
 - Level 2.1 Stealth
 * Level 14.6 Shields
 - Level 10.0 Spellcasting
 - Level 9.0 Conjurations
 - Level 4.0 Translocations
 - Level 2.1 Transmutations
 - Level 5.1 Fire Magic
 - Level 15.0 Earth Magic


You had 7 spell levels left.
You knew the following spells:

 Your Spells              Type           Power        Failure   Level  Hunger
a - Iron Shot             Conj/Erth      ######....   3%          6    ######.
b - Passwall              Tmut/Erth      #####...     1%          2    None
c - Stone Arrow           Conj/Erth      ######       1%          3    None
d - Lee's Rapid Deconstr  Erth           ######....   1%          5    #####..
e - Petrify               Tmut/Erth      #####...     2%          4    ##.....
f - Sandblast             Erth           ######       0%          1    None
g - Fireball              Conj/Fire      #####.....   4%          5    #####..
h - Blink                 Tloc           N/A          2%          2    None

Your spell library contained the following spells:

 Spells                   Type           Power        Failure   Level  Hunger
 Bolt of Fire             Conj/Fire      #####.....   21%         6    ######.
 Magic Dart               Conj           ####         1%          1    None
 Throw Frost              Conj/Ice       ####..       1%          2    None
 Conjure Flame            Conj/Fire      #####...     1%          3    None
 Freeze                   Ice            #...         2%          1    None
 Mephitic Cloud           Conj/Pois/Air  ###.....     2%          3    None
 Throw Icicle             Conj/Ice       ####....     4%          4    ##.....
 Call Imp                 Summ           #.......     14%         2    None
 Slow                     Hex            #.......     14%         2    None
 Ozocubu's Armour         Chrm/Ice       #.......     28%         3    None
 Summon Ice Beast         Ice/Summ       #.......     67%         4    ##.....


Dungeon Overview and Level Annotations

Branches:
Dungeon (15/15)            Temple (1/1) D:6            Lair (6/6) D:11
 Shoals (0/4) Lair:3        Snake (1/4) Lair:3        Slime (0/5) Lair:6
    Orc (2/2) D:11            Elf (0/3) Orc:2        Vaults (0/5) D:13
 Depths (0/5) D:15

Altars:
Ashenzari
Cheibriados
Dithmenos
Elyvilon
Fedhas
Gozag
Hepliaklqana
Kikubaaqudgha
Makhleb
Nemelex Xobeh
Okawaru
Qazlal
Ru
Sif Muna
Trog
Uskayaw
Vehumet
Wu Jian
Xom
Yredelemnul
Zin
The Shining One
Beogh
Jiyva

Shops:
D:7 (   D:9 [   D:14 **   Orc:2 ([!:}


Innate Abilities, Weirdness & Mutations

You are resistant to torment.
Your stone body is resilient. (AC +12)
You are immune to poison.
Your large and strong wings let you fly indefinitely.
You resist negative energy. (rN+)
You are resistant to electric shocks. (rElec)
You can survive without breathing.
You are immune to petrification.
You are immune to rotting.


Message History

Aizul is almost dead.
You block Aizul's attack. Aizul casts a spell at you.
The bolt of poison hits you but does no damage.
You resist.
You impale Aizul!!
Your weapon exudes an aura of protection.
You kill Aizul!
Vehumet accepts your kill.
You start resting.
You are starving!
Wear which item? (? for menu, Esc to quit)
You start removing your armour.
You continue taking off the +5 ring mail of the Constellations {rN+ rCorr Int+4 SInv}. x4
You finish taking off the +5 ring mail of the Constellations {rN+ rCorr Int+4 SInv}.
You start putting on your armour.
You continue putting on your +0 troll leather armour. x5
You finish putting on your +0 troll leather armour.
Unknown command.
Are you sure you want to abandon this character and quit the game? (Confirm with "yes".)

.................P...............
................P................
...............................≈≈
.............................≈≈≈≈
.#..........###...###..+.....≈≈≈≈
##..###.P####.......#.#.###..≈≈≈≈
....###..##.#.......#...#...≈≈≈≈≈
....##.+..##.......[.....#..≈≈≈≈≈
##..###.........@......PP##.≈≈≈≈≈
#...##..................###..≈≈≈≈
##..#.......#.......#)....+..≈≈≈≈
##..........#.......#...##P...≈≈.
.#..####..#####...###.#.##.......
....#########.#...###.#####......
.....##..##..#.......+###.#......
.................................
.................................


There were no monsters in sight!

Vanquished Creatures
  Saint Roka (Orc:2)
  Rupert (D:13)
  The ghost of Woriast the Slicer, an adept DrFE of Vehumet (D:15)
  Kirke (Lair:5)
  Aizul (Lair:3)
  A stone giant (Orc:1)
  Nessos (D:12)
  Azrael (D:14)
  4 ogre magi (Orc:2)
  Fannar (D:11)
  Harold (Lair:2)
  2 ice dragons (D:15)
  10 hydras
  Erolcha (Orc:2)
  A catoblepas (D:10)
  An anaconda (Snake:1)
  7 two-headed ogres
  5 centaur warriors
  2 tengu warriors (D:14)
  Nergalle (D:10)
  Urug (D:11)
  An unseen horror (shapeshifter) (D:10)
  3 unseen horrors
  Pikel (D:5)
  7 orc knights
  A lindwurm (Lair:3)
  A wolf spider (D:15)
  3 deep elf magi
  A wolf spider zombie (D:13)
  7 oklob plants
  11 ugly things
  5 cyclopes
  2 manticores
  9 orc sorcerers
  8 elephants
  33 spiny frogs
  A guardian serpent (D:13)
  An ice statue (D:15)
  A centaur zombie (D:15)
  Psyche (D:8)
  2 black mambas
  A torpor snail (Lair:3)
  A gargoyle (D:12)
  2 rime drakes
  5 komodo dragons
  A freezing wraith (D:15)
  2 kobold demonologists (D:13)
  2 efreet (D:14)
  3 meliai (D:13)
  A hornet (D:7)
  2 trolls (Orc:2)
  Grinder (D:4)
  Prince Ribbit (D:5)
  27 blink frogs
  3 polar bears
  3 tyrant leeches (Lair:6)
  11 slime creatures
  5 dream sheep (Lair:6)
  12 hippogriffs
  49 yaks
  A shadow (D:13)
  18 humans
  A vampire (D:12)
  4 wyverns
  4 hogs (Lair:5)
  5 hungry ghosts
  2 basilisks
  Grum (D:10)
  3 fire elementals (D:14)
  Edmund (D:4)
  16 vampire mosquitoes
  3 wargs
  4 nagas
  8 porcupines
  4 hell hounds (D:14)
  14 water moccasins
  A slave (D:4)
  6 black bears
  3 sky beasts
  25 orc warriors
  An ice beast (D:7)
  A swamp drake (Orc:1)
  9 ogres
  5 phantoms
  2 eyes of draining (D:14)
  23 centaurs
  8 wolves
  15 crocodiles
  7 big kobolds
  41 bullfrogs
  7 scorpions
  2 troll zombies (D:11)
  25 killer bees
  5 electric eels
  13 wights
  7 crimson imps
  A wyvern simulacrum (D:14)
  A quasit (D:11)
  3 centaur skeletons
  7 hounds
  14 orc priests
  4 bullfrog skeletons
  3 jellies
  An iron imp (Orc:1)
  8 iguanas
  28 orc wizards
  15 worker ants
  6 ogre zombies (D:11)
  A hound skeleton (D:8)
  A howler monkey zombie (D:8)
  A worker ant zombie (D:6)
  3 gnolls
  10 adders
  7 shadow imps
  A white imp (Orc:1)
  An ooze (D:9)
  An adder zombie (D:9)
  A worm (D:2)
  A dart slug (D:5)
  7 leopard geckos
  83 orcs
  4 bats
  4 giant cockroaches
  4 goblins
  5 hobgoblins
  5 jackals
  7 quokkas
  5 ball pythons
  5 frilled lizards
  A goblin skeleton (D:11)
  4 goblin zombies (D:11)
  A hobgoblin skeleton (D:11)
  2 hobgoblin zombies (D:11)
  A jackal zombie (D:6)
  13 kobolds
  A leopard gecko skeleton (D:4)
  4 orc skeletons (D:11)
  13 orc zombies (D:11)
  7 rats
  2 fungi (Lair:6)
  6 plants
874 creatures vanquished.

Vanquished Creatures (others)
  A slave (D:5)
  3 orc wizards
  An orc (D:5)
  13 fungi
  32 plants
50 creatures vanquished.

Grand Total: 924 creatures vanquished

Notes
Turn   | Place    | Note
-------+----------+-------------------------------------------
     0 | D:1      | 1994 the Gargoyle Earth Elementalist began the quest for
                  | the Orb.
     0 | D:1      | Reached XP level 1. HP: 10/10 MP: 3/3
     0 | D:1      | Noticed a troll
     0 | D:1      | Noticed a spriggan
     1 | D:1      | Noticed a minotaur
     3 | D:1      | Noticed an elf
     7 | D:1      | Noticed an ogre
     9 | D:1      | Noticed a formicid
    11 | D:1      | Noticed a ghoul
    13 | D:1      | Noticed an ogre
    15 | D:1      | Noticed an ogre
    15 | D:1      | Noticed a naga
    17 | D:1      | Noticed a felid
    17 | D:1      | Noticed a troll
    17 | D:1      | Noticed a naga
    19 | D:1      | Noticed a naga
    21 | D:1      | Noticed a human
   559 | D:1      | You fall into a shaft and drop 1 floor!
   665 | D:2      | Reached XP level 2. HP: 11/16 MP: 0/5
   759 | D:2      | Learned a level 2 spell: Passwall
   801 | D:2      | Reached skill level 1 in Fighting
  1010 | D:2      | Found a hazy altar of Hepliaklqana.
  1042 | D:2      | Reached XP level 3. HP: 10/20 MP: 4/6
  1475 | D:1      | Learned a level 3 spell: Stone Arrow
  2404 | D:3      | Reached XP level 4. HP: 25/25 MP: 3/7
  2616 | D:3      | Reached skill level 1 in Conjurations
  2708 | D:3      | Reached skill level 5 in Earth Magic
  2806 | D:4      | Got a shimmering steel ring
  2808 | D:4      | Identified the ring "Ossezxya" {Fire rPois Dex+7} (You
                  | found it on level 4 of the Dungeon)
  2911 | D:4      | Reached XP level 5. HP: 21/30 MP: 0/9
  3007 | D:4      | Noticed Grinder
  3349 | D:4      | Killed Grinder
  3349 | D:4      | Reached XP level 6. HP: 23/36 MP: 3/10
  3853 | D:4      | Reached XP level 7. HP: 26/41 MP: 1/11
  4011 | D:4      | Noticed Edmund
  4066 | D:4      | Killed Edmund
  4313 | D:5      | Entered Level 5 of the Dungeon
  4318 | D:5      | Noticed Pikel
  4527 | D:5      | Found a shattered altar of Ashenzari.
  4687 | D:5      | Noticed Prince Ribbit
  4850 | D:5      | Learned a level 5 spell: Lee's Rapid Deconstruction
  4850 | D:5      | Reached XP level 8. HP: 48/48 MP: 10/14
  5010 | D:5      | Found a snail-covered altar of Cheibriados.
  5134 | D:5      | Killed Pikel
  5134 | D:5      | Reached skill level 5 in Conjurations
  5143 | D:5      | Killed Prince Ribbit
  5143 | D:5      | Reached skill level 5 in Fighting
  5143 | D:5      | Reached XP level 9. HP: 35/54 MP: 4/16
  5292 | D:5      | Found a glowing golden altar of the Shining One.
  5295 | D:5      | Found a basalt altar of Yredelemnul.
  5298 | D:5      | Noticed a profane servitor
  5314 | D:5      | Noticed an angel
  5447 | D:5      | Found a deep blue altar of Sif Muna.
  5474 | D:6      | Found an iron altar of Okawaru.
  5615 | D:6      | Reached skill level 5 in Spellcasting
  5769 | D:6      | Found a hide-covered altar of Uskayaw.
  5976 | D:6      | Found a shimmering altar of Xom.
  5999 | D:6      | Reached skill level 10 in Earth Magic
  6214 | D:6      | Found a shadowy altar of Dithmenos.
  6234 | D:6      | Found an ornate altar of the Wu Jian Council.
  6323 | D:6      | Found a staircase to the Ecumenical Temple.
  6344 | Temple   | Entered the Ecumenical Temple
  6517 | D:6      | Found a radiant altar of Vehumet.
  6521 | D:6      | Became a worshipper of Vehumet
  6615 | D:7      | Found a sacrificial altar of Ru.
  6687 | D:7      | Got an ichor-stained mace
  6688 | D:7      | Identified the cursed +1 mace "Uhoj" {venom, Dex+7} (You
                  | found it on level 7 of the Dungeon)
  6722 | D:7      | Found Tudwas's Weapon Shop.
  7387 | D:7      | Learned a level 4 spell: Petrify
  7387 | D:7      | Upgraded the game from 0.24-a0-504-gcfb02b9d07 to
                  | 0.24-a0-507-g3e8b242632
  7395 | D:8      | Reached skill level 1 in Transmutations
  7408 | D:8      | Noticed a hornet
  7422 | D:7      | Killed a hornet
  7422 | D:7      | Reached XP level 10. HP: 41/61 MP: 8/19
  7603 | D:8      | Reached skill level 1 in Armour
  7646 | D:8      | Noticed Psyche
  7651 | D:8      | Killed Psyche
  7827 | D:8      | Reached * piety under Vehumet
  7827 | D:8      | Offered knowledge of Freeze by Vehumet.
  8213 | D:8      | Found a hazy altar of Hepliaklqana.
  8374 | D:9      | Found a sparkling altar of Nemelex Xobeh.
  8500 | D:9      | Found a glowing silver altar of Zin.
  8921 | D:9      | Found Wesec's Antique Armour Shop.
  8927 | D:9      | Bought a smoking cloak for 275 gold pieces
  8933 | D:9      | Identified the cursed +0 cloak "Bygryuch" {*Drain rElec
                  | Int+4} (You bought it in a shop on level 9 of the Dungeon)
  9030 | D:9      | Offered knowledge of Searing Ray by Vehumet.
  9060 | D:9      | Reached ** piety under Vehumet
  9072 | D:9      | Noticed a manticore
  9076 | D:9      | Killed a manticore
  9090 | D:9      | Reached XP level 11. HP: 53/68 MP: 12/21
  9443 | D:10     | Entered Level 10 of the Dungeon
  9693 | D:10     | Killed an unseen horror
  9768 | D:10     | Killed an unseen horror
  9936 | D:10     | Noticed Nergalle
  9948 | D:10     | Noticed Grum
  9949 | D:10     | Killed Nergalle
 10117 | D:10     | Got a dazzling leather armour
 10175 | D:10     | Killed Grum
 10175 | D:10     | Offered knowledge of Ignite Poison by Vehumet.
 10178 | D:10     | Noticed a catoblepas
 10223 | D:10     | Killed a catoblepas
 10223 | D:10     | Reached skill level 1 in Maces & Flails
 10419 | D:10     | Got a glittering golden ring
 10420 | D:10     | Identified the ring of Impatience {+Fly rF+ rN+++ MP+9
                  | Int-3} (You found it on level 10 of the Dungeon)
 10552 | D:10     | Identified the cursed +1 leather armour of the Engineer
                  | {+Fly rF+} (You found it on level 10 of the Dungeon)
 10585 | D:11     | Noticed a centaur warrior
 10595 | D:11     | Killed a centaur warrior
 10693 | D:11     | Noticed Urug
 10699 | D:11     | Killed Urug
 10761 | D:11     | Reached *** piety under Vehumet
 10798 | D:11     | Offered knowledge of Throw Icicle by Vehumet.
 10927 | D:11     | Reached **** piety under Vehumet
 10980 | D:11     | Found a staircase to the Orcish Mines.
 11008 | D:11     | Offered knowledge of Bolt of Magma by Vehumet.
 11009 | D:11     | Noticed Fannar
 11015 | D:11     | Noticed a brown ugly thing
 11305 | D:11     | Reached XP level 12. HP: 77/77 MP: 21/24
 11320 | D:11     | Killed Fannar
 11320 | D:11     | Reached skill level 10 in Fighting
 11561 | D:11     | Noticed a two-headed ogre
 11571 | D:11     | Killed a two-headed ogre
 11853 | D:11     | Found a staircase to the Lair.
 12301 | D:11     | Reached skill level 5 in Maces & Flails
 12633 | D:9      | Bought an embroidered cloak for 217 gold pieces
 12707 | Lair:1   | Entered Level 1 of the Lair of Beasts
 12771 | Lair:1   | Noticed a seven-headed hydra
 12775 | Lair:1   | Killed a seven-headed hydra
 13627 | Lair:2   | Noticed Harold
 13655 | Lair:2   | Killed Harold
 13870 | Lair:2   | Noticed a five-headed hydra
 13880 | Lair:2   | Killed a five-headed hydra
 13880 | Lair:2   | Reached XP level 13. HP: 84/84 MP: 20/26
 14358 | Lair:2   | Reached skill level 5 in Armour
 14807 | Lair:3   | Reached ***** piety under Vehumet
 14872 | Lair:3   | Offered knowledge of Lightning Bolt by Vehumet.
 14955 | Lair:3   | Found a staircase to the Shoals.
 15262 | Lair:3   | Found a staircase to the Snake Pit.
 15945 | D:9      | Bought a glowing shield for 217 gold pieces
 16151 | Lair:4   | Reached skill level 1 in Shields
 16958 | Lair:5   | Noticed Kirke
 16967 | Lair:5   | Killed Kirke
 16967 | Lair:5   | Reached skill level 15 in Earth Magic
 17418 | Lair:5   | Reached skill level 5 in Shields
 17420 | Lair:5   | Gained mutation: Your large and strong wings let you fly
                  | indefinitely. [Gargoyle growth]
 17420 | Lair:5   | Reached XP level 14. HP: 92/92 MP: 12/27
 17784 | Lair:5   | Offered knowledge of Iron Shot by Vehumet.
 17831 | Lair:5   | Learned a level 6 spell: Iron Shot
 18144 | Lair:6   | Entered Level 6 of the Lair of Beasts
 18144 | Lair:6   | Found a viscous altar of Jiyva.
 18144 | Lair:6   | Found a staircase to the Slime Pits.
 18477 | Lair:6   | Reached skill level 10 in Spellcasting
 19837 | Lair:6   | Offered knowledge of Fireball by Vehumet.
 20573 | Lair:6   | Reached XP level 15. HP: 93/99 MP: 9/29
 21734 | D:12     | Reached skill level 10 in Shields
 21734 | D:12     | Noticed Nessos
 21738 | D:12     | Killed Nessos
 22226 | D:12     | Found a burning altar of Makhleb.
 22591 | D:12     | Learned a level 5 spell: Fireball
 22698 | D:13     | Reached skill level 1 in Fire Magic
 23227 | D:13     | Noticed Rupert
 23228 | D:13     | Paralysed by Rupert for 6 turns
 23238 | D:13     | Found a gate to the Vaults.
 23868 | D:12     | Reached ****** piety under Vehumet
 24228 | Orc:1    | Entered Level 1 of the Orcish Mines
 24575 | Orc:1    | Offered knowledge of Yara's Violent Unravelling by Vehumet.
 25451 | Orc:2    | Entered Level 2 of the Orcish Mines
 25466 | Orc:2    | Learned a level 2 spell: Blink
 25730 | Orc:2    | Reached skill level 1 in Translocations
 25944 | Orc:2    | Found Etiyb's Gadget Emporium.
 26179 | Orc:2    | Noticed Saint Roka
 26793 | Orc:2    | Killed Saint Roka
 26793 | Orc:2    | Reached skill level 5 in Fire Magic
 26793 | Orc:2    | Reached XP level 16. HP: 68/107 MP: 22/30
 26972 | Orc:2    | Found a staircase to the Elven Halls.
 27156 | Orc:2    | Found Kongaeka's Antique Weapon Boutique.
 27168 | Orc:2    | Found Cuikoeg's Book Shop.
 27264 | Orc:2    | Found an ancient bone altar of Kikubaaqudgha.
 27295 | Orc:2    | Found Tepefehu's Distillery.
 27328 | Orc:2    | Noticed Erolcha
 27332 | Orc:2    | Killed Erolcha
 27436 | Orc:2    | Found a roughly hewn altar of Beogh.
 27445 | Orc:2    | Found Tufaked's Antique Armour Shop.
 27535 | Orc:2    | Found a radiant altar of Vehumet.
 27581 | Orc:2    | Bought a potion of lignification for 39 gold pieces
 27779 | Orc:2    | Bought a brightly glowing ring mail for 351 gold pieces
 27779 | Orc:2    | Identified the +5 ring mail of the Constellations {rN+
                  | rCorr Int+4 SInv} (You bought it in a shop on level 2 of
                  | the Orcish Mines)
 28258 | D:13     | Killed Rupert
 28435 | D:14     | Noticed Azrael
 28436 | D:14     | Offered knowledge of Orb of Destruction by Vehumet.
 28470 | D:14     | Killed Azrael
 28819 | D:14     | Found Miluontu's General Store.
 28940 | D:14     | Found Mukighojeng's General Store.
 29182 | D:14     | Reached skill level 15 in Fighting
 29614 | D:15     | Entered Level 15 of the Dungeon
 30278 | D:15     | Found a runed translucent door.
 30778 | D:15     | Offered knowledge of Bolt of Fire by Vehumet.
 30816 | D:15     | Found a staircase to the Depths.
 31009 | D:15     | Noticed Woriast's ghost (adept DrFE)
 31076 | D:15     | Killed Woriast's ghost
 31334 | Snake:1  | Entered Level 1 of the Snake Pit
 31354 | Snake:1  | Noticed Aizul
 31417 | Lair:3   | HP: 3/108 [Aizul/poison arrow (9)]
 31421 | Lair:3   | Killed Aizul
 31446 | Lair:3   | Quit the game

Levels and vault maps discovered:
D:1:      shiori_arrival_whats_in_store_for_you, layout_basic,
          chequers_arboretum
D:2:      layout_basic, lemuel_round_altar, minmay_misc_feat_encased,
          minmay_misc_feat_tiny
D:3:      layout_basic
D:4:      layout_basic, first_ration, uniq_grinder, uniq_edmund
D:5:      layout_rooms, grunt_temple_overflow_holy_war, kennysheep_little_box,
          ashenzari_altar_1, basic_altar, uniq_pikel, uniq_prince_ribbit1
D:6:      layout_rooms, kennysheep_mini_moat, okawaru_metal_pillars_3,
          xom_teletrap_fun, marbit_many_paths, minitemple, temple_hall,
          serial_bayou_pond_e
D:7:      layout_cave_pods, nicolae_overflow_crystal_walls, serial_shops, shop
D:8:      layout_cave_pools, basic_altar, uniq_psyche
D:9:      layout_roguey, zin_scriptorium, serial_shops,
          nicolae_shop_behind_doors, nemelex_dance_club_becter
D:10:     minmay_the_grid_four_pointed_star_mashed
          [minmay_the_grid_triangle_9x9_steps,
          minmay_the_grid_triangle_9x9_minimal,
          minmay_the_grid_triangle_9x9_zippers_horizontal,
          minmay_the_grid_triangle_9x9_warning,
          minmay_the_grid_prize_shrinking_boxes], layout_cave_pools, uniq_grum,
          uniq_nergalle
D:11:     layout_roguey, dpeg_oklobed_lair, zombieorc2_lemuel, uniq_fannar,
          uniq_urug
D:12:     layout_cross, grunt_pizzeria, david_defended_altar_elf, uniq_nessos
D:13:     layout_cave_pools, david_vaults_3, nicolae_water_bricks,
          nrook_guardian_serpent_double
D:14:     minmay_goldmine, layout_basic, serial_shops, shop_fountains,
          nicolae_shop_waterfront, solitary_fountain, patterned_corridor,
          uniq_azrael
D:15:     grunt_enter_depths_hoard, layout_rooms, ebering_ghost_reflecting_pool,
          minmay_misc_feat_alley, minivault_16
Temple:   nicolae_temple_figure_zero
Lair:1:   layout_regular_city, grunt_megastairs_1, lemuel_fruit_fields
Lair:2:   layout_cave_pods, uniq_harold
Lair:3:   layout_regular_city, minmay_shoals_entry_centaurs,
          minmay_snake_entry_guardpost_small, infiniplex_staircase_pool,
          lemuel_fruit_tree
Lair:4:   layout_long_grid
Lair:5:   layout_cave_pods, serial_bayou_shore_a, uniq_kirke
Lair:6:   minmay_lair_end_frog_pond, layout_regular_city, slime_altar_1,
          minmay_lair_oklob_chamber
Snake:1:  layout_misc_corridors, basic_altar, special_room, grunt_megastairs_2,
          uniq_rupert, uniq_aizul
Orc:1:    layout_caves, hangedman_minor_magic
Orc:2:    kennysheep_orc_mage_school, layout_diamond_mine, serial_shops, shop,
          uniq_saint_roka

Skill      XL: |  1  2  3  4  5  6  7  8  9 10 11 12 13 14 15 16 |
---------------+-------------------------------------------------+-----
Earth Magic    | 4 5 6 7 9 11 12 13 14 15 | 15.0
Fighting       | 1 2 3 5 6 8 9 11 12 13 14 15 | 15.4
Conjurations   | 1 3 4 5 8 9 |  9.0
Spellcasting   | 3 4 6 7 8 9 10 | 10.0
Transmutations | 2 |  2.1
Armour         | 3 4 6 7 |  7.5
Maces & Flails | 3 6 7 |  7.7
Dodging        | 2 3 |  3.1
Shields        | 5 9 12 14 | 14.6
Fire Magic     | 5 |  5.1
Translocations | 2 4 |  4.0
Stealth        | |  2.1

Action                   |  1- 3 |  4- 6 |  7- 9 | 10-12 | 13-15 | 16-18 || total
-------------------------+-------+-------+-------+-------+-------+-------++-------
Melee: Unarmed           |   127 |       |       |       |       |       ||   127
       Dagger            |    63 |     1 |       |       |       |       ||    64
       Flail             |       |       |    69 |       |       |       ||    69
       Mace              |       |       |    13 |    87 |       |       ||   100
       Morningstar       |       |       |       |    16 |   220 |    99 ||   335
       Staff             |       |       |       |     3 |     7 |     1 ||    11
Throw: Stone             |     2 |       |       |       |       |       ||     2
 Cast: Sandblast         |    10 |    22 |     4 |    14 |     1 |     1 ||    52
       Stone Arrow       |     5 |    34 |   123 |   225 |   381 |    63 ||   831
       Lee's Rapid Decon |       |       |       |    89 |   259 |    89 ||   437
       Petrify           |       |       |       |    11 |    25 |       ||    36
       Iron Shot         |       |       |       |       |    90 |    78 ||   168
       Fireball          |       |       |       |       |       |    27 ||    27
 Abil: Fly               |       |       |       |       |     1 |       ||     1
Evoke: Wand              |       |       |       |     3 |       |     3 ||     6
       Phial of floods   |       |       |       |       |       |     1 ||     1
  Use: Scroll            |       |     6 |     6 |    10 |    10 |     4 ||    36
 Stab: Sleeping          |     2 |       |     1 |       |       |       ||     3
       Distracted        |       |     1 |       |       |       |       ||     1
       Petrified         |       |       |       |     4 |     5 |       ||     9
  Eat: Chunk             |     6 |     7 |    17 |    23 |    40 |    11 ||   104
       Ration            |       |       |     1 |     1 |     1 |     1 ||     4
Armor: Robe              |    92 |     6 |       |       |       |       ||    98
       Ring mail         |       |       |    81 |   164 |       |    91 ||   336
       Leather armour    |       |       |       |    41 |       |       ||    41
       Scale mail        |       |       |       |       |   400 |       ||   400
Dodge: Dodged            |   171 |    20 |    92 |   166 |   285 |    45 ||   779
Block: Shield            |       |       |       |       |   154 |    96 ||   250

Table legend:
 A = Non-vault XP
 B = Vault XP
 C = Vault XP percentage of total XP
 D = Non-vault monster count
 E = Vault monster count
 F = Vault count percentage of total count
                 A         B        C        D         E       F
            +---------+---------+-------+---------+---------+-------
      Total |  108870 |   66947 |  38.1 |     621 |     244 |  28.2
            +---------+---------+-------+---------+---------+-------
        D:1 |      12 |       0 |   0.0 |       7 |       0 |   0.0
        D:2 |      68 |       0 |   0.0 |      27 |       0 |   0.0
        D:3 |      72 |       0 |   0.0 |      14 |       0 |   0.0
        D:4 |     269 |     459 |  63.0 |      15 |       2 |  11.8
        D:5 |     681 |     934 |  57.8 |      22 |       2 |   8.3
        D:6 |    1075 |      70 |   6.1 |      29 |       1 |   3.3
        D:7 |     798 |       0 |   0.0 |       9 |       0 |   0.0
        D:8 |    2029 |     439 |  17.8 |      34 |       1 |   2.9
        D:9 |    2490 |     138 |   5.3 |      37 |       2 |   5.1
       D:10 |    1567 |    3736 |  70.5 |      16 |      11 |  40.7
       D:11 |    7050 |    4241 |  37.6 |      41 |      41 |  50.0
       D:12 |    7732 |    3253 |  29.6 |      48 |      12 |  20.0
       D:13 |    6330 |    6254 |  49.7 |      31 |      11 |  26.2
       D:14 |   15041 |    2528 |  14.4 |      48 |      19 |  28.4
       D:15 |    8627 |    4584 |  34.7 |      30 |       4 |  11.8
     Lair:1 |    3974 |     513 |  11.4 |      15 |       2 |  11.8
     Lair:2 |    5687 |     987 |  14.8 |      18 |       1 |   5.3
     Lair:3 |    5062 |    2288 |  31.1 |      16 |       6 |  27.3
     Lair:4 |    5744 |       0 |   0.0 |      28 |       0 |   0.0
     Lair:5 |    9718 |    5544 |  36.3 |      37 |      11 |  22.9
     Lair:6 |   13898 |   14657 |  51.3 |      50 |      56 |  52.8
    Snake:1 |    1541 |       0 |   0.0 |       3 |       0 |   0.0
      Orc:1 |    6277 |    1592 |  20.2 |      25 |      17 |  40.5
      Orc:2 |    3128 |   14730 |  82.5 |      21 |      45 |  68.2
            +---------+---------+-------+---------+---------+-------
